 Dungeon Crawl Stone Soup version 0.24.1-8-ga250c9d538 (webtiles) character file.

Game seed: 3220585173235435765, levelgen mode: deterministic

22676 Peloso the Carver (level 12, -9/96 HPs)
             Began as a Demonspawn Fighter on Apr 30, 2020.
             Was a High Priest of Okawaru.
             Mangled by a death yak simulacrum (36 damage)
             ... in an ice cave.
             The game lasted 00:31:35 (17973 turns).

Peloso the Carver (Demonspawn Fighter)             Turns: 17973, Time: 00:31:35

Health: -9/96      AC: 17    Str: 20    XL:     12   Next: 65%
Magic:  14/14      EV: 11    Int:  9    God:    Okawaru [*****.]
Gold:   702        SH: 14    Dex: 15    Spells: 11/11 levels left

rFire    + . .     SeeInvis .   a - +1 long sword
rCold    . . .     Gourm    .   c - +1 shield
rNeg     . . .     Faith    .   C - +0 plate armour
rPois    .         Spirit   .   o - +1 hat
rElec    .         Reflect  .   L - scarf {cloud immunity}
rCorr    .         Harm     .   (no gloves)
MR       +....                  (boots unavailable)
Stlth    ..........             t - amulet of the acrobat
HPRegen  0.26/turn              (no ring)
MPRegen  0.14/turn              s - ring of protection from magic

@: heroism
A: talons 3, fire resistance 1, ignite blood, powered by pain 1, flame cloud
immunity
a: Heroism, Finesse, Renounce Religion


You were in an ice cave.
You worshipped Okawaru.
Okawaru was extremely pleased with you.
You were hungry.

You visited 3 branches of the dungeon, and saw 15 of its levels.
You also visited: Ice Cave.

You collected 702 gold pieces.

Inventory:

Hand Weapons
 a - a +1 long sword (weapon)
 b - a +3 spear
Armour
 c - a +1 shield (worn)
 o - a +1 hat (worn)
 C - a +0 plate armour (worn)
 L - a scarf of cloud immunity (worn)
 N - +0 acid dragon scales
 P - a +1 pair of boots of running
Jewellery
 i - an uncursed ring of poison resistance
 q - a +2 ring of strength
 r - a +2 ring of evasion
 s - a ring of protection from magic (right hand)
 t - an amulet of the acrobat (around neck)
 J - an uncursed ring of stealth
 M - an uncursed ring of protection from fire
Wands
 z - a wand of flame (23)
 E - a wand of digging (6)
 H - a wand of clouds (2)
 K - a wand of random effects (14)
Scrolls
 e - a scroll of fog
 h - 5 scrolls of amnesia
 k - 5 scrolls of teleportation
 l - 5 scrolls of remove curse
 n - 3 scrolls of magic mapping
 u - a scroll of identify
 y - 3 scrolls of enchant armour
Potions
 d - 4 potions of might
 g - a potion of agility
 j - a potion of invisibility
 m - 3 potions of mutation
 p - 4 potions of curing
 v - a potion of haste
 w - 3 potions of brilliance
 F - a potion of berserk rage
 G - 2 potions of flight {unknown}
Comestibles
 f - 22 rations
 x - 2 chunks of flesh


   Skills:
 + Level 9.5(14.5) Fighting
 + Level 11.5(16.5) Long Blades
 + Level 10.2(15.2) Armour
 + Level 3.6(8.6) Dodging
 + Level 1.6(6.6) Stealth
 + Level 8.8(13.8) Shields
 + Level 3.1 Invocations
 + Level 1.3 Evocations


You had 11 spell levels left.
You didn't know any spells.
Your spell library was empty.

Dungeon Overview and Level Annotations

Branches:
Dungeon (12/15)            Temple (1/1) D:6            Lair (2/6) D:10
    Orc (0/2) D:11          IceCv (1/1)
  Swamp: Lair:2-4    Shoals: Lair:2-4     Snake: Lair:2-4    Spider: Lair:2-4

Altars:
Ashenzari
Cheibriados
Dithmenos
Fedhas
Gozag
Kikubaaqudgha
Nemelex Xobeh
Okawaru
Sif Muna
Trog
Uskayaw
Wu Jian
Yredelemnul
The Shining One

Shops:
D:5 =   D:9 }

Annotations:
D:7 3 runed translucent doors, barcode's ghost, novice MiTm


Innate Abilities, Weirdness & Mutations

You have claws for feet.
Your flesh is heat resistant. (rF+)
Your demonic aura causes spilled blood to erupt in flames.
You sometimes gain a little power by taking damage.
You are immune to clouds of flame.


Message History

You claw the death yak simulacrum, but do no damage.
The death yak simulacrum is heavily damaged.
Unknown command.
You hit the death yak simulacrum.
The death yak simulacrum is heavily damaged.
The death yak simulacrum barely misses you.
Unknown command.
You hit the death yak simulacrum but do no damage.
The death yak simulacrum is heavily damaged.
You block the death yak simulacrum's attack.
Unknown command.
You hit the death yak simulacrum.
The death yak simulacrum is severely damaged.
Unknown command.
You hit the death yak simulacrum. You claw the death yak simulacrum.
The death yak simulacrum is almost destroyed.
The death yak simulacrum gores you!
* * * LOW HITPOINT WARNING * * *
The death yak simulacrum freezes you!!!
You die...

#####
##...##
##..∩..##
#.......#
#...∩.Z@#
##...ZZ##
##...##
#...#
##...
#.Z.#
...##
...##


You could see 2 death yak simulacra and a polar bear simulacrum.

Vanquished Creatures
  Gastronok (Lair:2)
  A hydra (Lair:2)
  3 two-headed ogres
  Nergalle (D:10)
  An unseen horror (D:10)
  2 manticores (D:11)
  A cyclops (D:11)
  2 ugly things (D:11)
  2 black mambas (Lair:2)
  A komodo dragon (Lair:2)
  3 trolls
  6 hippogriffs
  Prince Ribbit (D:5)
  A wolf spider simulacrum (IceCv)
  A vampire (D:11)
  21 yaks
  A human (D:7)
  A basilisk (D:10)
  5 hungry ghosts
  4 hogs (D:7)
  An acid dragon (D:11)
  4 water moccasins
  2 porcupines (D:10)
  4 orc warriors
  12 ice beasts
  A sky beast (D:9)
  5 ogres
  10 wolves
  5 centaurs
  7 crocodiles
  12 bullfrogs
  2 wyvern skeletons
  5 scorpions
  A water moccasin skeleton (D:11)
  3 killer bees (D:10)
  7 wights
  7 howler monkeys
  6 crimson imps
  A quasit (D:11)
  3 orc priests
  4 bullfrog skeletons
  7 hounds
  2 jellies
  A centaur skeleton (D:11)
  9 orc wizards
  3 iguanas
  Ijyb (D:3)
  8 worker ants
  A killer bee zombie (D:5)
  A bullfrog simulacrum (D:12)
  A hound zombie (D:8)
  A hound skeleton (D:10)
  2 gnolls (D:8)
  11 adders
  2 howler monkey skeletons
  3 shadow imps
  4 adder skeletons
  6 worms
  3 dart slugs
  9 leopard geckos
  42 orcs
  8 ball pythons
  2 giant cockroaches
  4 hobgoblins
  10 jackals
  3 kobolds
  4 quokkas
  4 bats
  13 frilled lizards
  7 goblins
  2 leopard gecko skeletons (D:4)
  A leopard gecko zombie (D:6)
  2 quokka skeletons
  8 rats
  A fungus (D:10)
  3 plants
350 creatures vanquished.

Vanquished Creatures (others)
  3 fungi
  A plant (D:10)
4 creatures vanquished.

Grand Total: 354 creatures vanquished

Notes
Turn   | Place    | Note
-------+----------+-------------------------------------------
     0 | D:1      | Peloso the Demonspawn Fighter began the quest for the Orb.
     0 | D:1      | Reached XP level 1. HP: 18/18 MP: 1/1
   297 | D:1      | Gained mutation: You have sharp toenails. [demonic
                  | ancestry]
   297 | D:1      | Reached XP level 2. HP: 22/24 MP: 2/2
   482 | D:1      | Reached skill level 2 in Long Blades
  1021 | D:2      | Reached XP level 3. HP: 29/29 MP: 3/3
  1328 | D:2      | Gained mutation: You sometimes gain a little power by
                  | taking damage. [demonic ancestry]
  1328 | D:2      | Reached XP level 4. HP: 34/35 MP: 4/4
  1921 | D:3      | Noticed Ijyb
  1937 | D:3      | Killed Ijyb
  1937 | D:3      | Reached skill level 3 in Long Blades
  2545 | D:4      | Found a hide-covered altar of Uskayaw.
  2557 | D:4      | Gained mutation: Your flesh is heat resistant. (rF+)
                  | [demonic ancestry]
  2557 | D:4      | Reached XP level 5. HP: 20/42 MP: 5/5
  3150 | D:4      | Found a shadowy altar of Dithmenos.
  3464 | D:4      | Reached skill level 4 in Long Blades
  3464 | D:4      | Gained mutation: You are immune to clouds of flame.
                  | [demonic ancestry]
  3464 | D:4      | Reached XP level 6. HP: 31/48 MP: 6/6
  3631 | D:5      | Entered Level 5 of the Dungeon
  3709 | D:5      | Found a basalt altar of Yredelemnul.
  3713 | D:5      | Noticed an ice beast
  3721 | D:5      | Killed an ice beast
  3932 | D:5      | Found an opulent altar of Gozag.
  4421 | D:6      | Reached XP level 7. HP: 46/54 MP: 7/7
  4471 | D:6      | Reached skill level 5 in Long Blades
  4980 | D:5      | Found Ratifaat's Jewellery Boutique.
  5008 | D:5      | Noticed Prince Ribbit
  5026 | D:5      | Killed Prince Ribbit
  5532 | D:5      | Reached skill level 1 in Dodging
  5783 | D:6      | Gained mutation: You have razor-sharp toenails. [demonic
                  | ancestry]
  5783 | D:6      | Reached XP level 8. HP: 57/61 MP: 8/8
  5857 | D:6      | Reached skill level 6 in Long Blades
  6033 | D:6      | Reached skill level 5 in Fighting
  6033 | D:6      | Reached skill level 5 in Armour
  6106 | D:6      | Reached skill level 5 in Shields
  6184 | D:6      | Found a blossoming altar of Fedhas.
  6358 | D:6      | Found a staircase to the Ecumenical Temple.
  6369 | Temple   | Entered the Ecumenical Temple
  6442 | Temple   | Became a worshipper of Warmaster Okawaru
  6666 | D:7      | Reached skill level 7 in Long Blades
  6952 | D:7      | Found a runed translucent gate.
  6952 | D:7      | Found a runed translucent gate.
  6952 | D:7      | Found a runed translucent gate.
  6985 | D:7      | Noticed barcode's ghost (novice MiTm)
  7026 | D:7      | Gained mutation: Your demonic aura causes spilled blood to
                  | erupt in flames. [demonic ancestry]
  7026 | D:7      | Reached XP level 9. HP: 20/68 MP: 9/9
  7339 | D:7      | Reached * piety under Okawaru
  7476 | D:7      | Noticed a troll
  7494 | D:7      | Killed a troll
  7591 | D:7      | Reached ** piety under Okawaru
  7608 | D:7      | Reached skill level 8 in Long Blades
  8101 | D:7      | Reached skill level 1 in Invocations
  9311 | D:8      | Reached XP level 10. HP: 76/76 MP: 11/11
  9736 | D:8      | Found an iron altar of Okawaru.
 10498 | D:9      | Noticed a moth of wrath
 10500 | D:9      | Found a bloodstained altar of Trog.
 10813 | D:9      | Reached *** piety under Okawaru
 10901 | D:9      | Found Filimn's Gadget Boutique.
 10986 | D:9      | Reached skill level 9 in Long Blades
 11298 | D:10     | Entered Level 10 of the Dungeon
 11342 | D:10     | Reached **** piety under Okawaru
 11426 | D:10     | Noticed a two-headed ogre
 11446 | D:10     | Found a staircase to the Lair.
 11449 | D:10     | Noticed Nergalle
 11456 | D:10     | Noticed a spectral orc warlord
 11475 | D:10     | Reached XP level 11. HP: 18/84 MP: 12/12
 11489 | D:10     | Reached skill level 10 in Long Blades
 11820 | D:10     | Killed a two-headed ogre
 12059 | D:10     | Killed Nergalle
 12321 | D:10     | Killed an unseen horror
 12321 | D:10     | Reached ***** piety under Okawaru
 12812 | D:10     | Reached skill level 1 in Stealth
 13180 | D:9      | Found a sparkling altar of Nemelex Xobeh.
 13868 | D:11     | Noticed a two-headed ogre
 13876 | D:11     | Killed a two-headed ogre
 13928 | D:11     | Received a gift from Okawaru
 13938 | D:11     | Identified a +1 pair of boots of running (Okawaru gifted it
                  | to you on level 11 of the Dungeon)
 14067 | D:11     | Noticed a two-headed ogre
 14074 | D:11     | Killed a two-headed ogre
 14074 | D:11     | Reached skill level 11 in Long Blades
 14209 | D:11     | Noticed a purple ugly thing
 14224 | D:11     | Killed a purple ugly thing
 14263 | D:11     | Found a staircase to the Orcish Mines.
 14562 | D:11     | Gained mutation: You have claws for feet. [demonic
                  | ancestry]
 14562 | D:11     | Reached XP level 12. HP: 93/94 MP: 11/14
 15344 | Lair:1   | Entered Level 1 of the Lair of Beasts
 15344 | Lair:1   | Noticed a seven-headed hydra
 16202 | Lair:2   | Noticed a four-headed hydra
 16212 | Lair:2   | Killed a five-headed hydra
 16506 | Lair:2   | Reached skill level 1 in Evocations
 17246 | Lair:2   | Noticed Gastronok
 17269 | Lair:2   | Killed Gastronok
 17269 | Lair:2   | Reached skill level 10 in Armour
 17855 | D:12     | Found a frozen archway.
 17962 | IceCv    | Entered an ice cave
 17973 | IceCv    | Mangled by a death yak simulacrum

Levels and vault maps discovered:
D:1:      giann_bridges, layout_basic, minmay_misc_feat_iff,
          supply_closet_lemuel, chequers_avenue, minmay_lizard_pond
D:2:      layout_loops_ring, first_ration, minmay_pentomino_u4
D:3:      layout_rooms, uniq_ijyb
D:4:      layout_loops_cross, lemuel_crystal_altar, lemuel_doored_altar,
          eino_small_chamber_without_monster
D:5:      layout_basic, lemuel_crystal_altar, serial_shops,
          kennysheep_little_box, nicolae_gozag_cash_rules_everything_around_me,
          uniq_prince_ribbit1
D:6:      layout_basic, marbit_many_paths, lemuel_temple_firewalk_b
D:7:      layout_rooms, gammafunk_ghost_icy, grunt_livestock, kb_rosetta
D:8:      layout_layer_cave, serial_glass, glass_columns_a, glass_columns_b,
          okawaru_altar_gauntlet_db
D:9:      layout_small_grid, tgw_trog, nicolae_overflow_hidden_temple,
          serial_shops, kennysheep_mini, kennysheep_kite_vault
D:10:     layout_basic, minmay_lair_entry_grove, uniq_nergalle
D:11:     layout_stronghold, orc_0_dummy, statue_in_the_mist_lemuel,
          minmay_shattered_shrine
D:12:     layout_cave_pods, serial_ice, serial_ice_n, serial_ice_c,
          serial_ice_m, serial_ice_b, portal_ice_cave_entry_ice_beasts
Temple:   regret_index_temple_sphere_string
Lair:1:   layout_cave_pods, grunt_megastairs_4
Lair:2:   layout_layer_cave, hibernation_bobbens, uniq_gastronok
IceCv:    ice_cave_small_necro

Skill      XL: |  1  2  3  4  5  6  7  8  9 10 11 12 |
---------------+-------------------------------------+-----
Long Blades    | 2 3 4 5 7 8 9 11 | 11.5
Armour         | 3 4 5 6 7 9 10 | 10.2
Shields        | 3 4 5 6 7 8 |  8.8
Fighting       | 4 5 6 7 8 9 |  9.5
Dodging        | 1 2 3 |  3.6
Invocations    | 2 3 |  3.1
Stealth        | 1 |  1.6
Evocations     | 1 |  1.3

Action                   |  1- 3 |  4- 6 |  7- 9 | 10-12 || total
-------------------------+-------+-------+-------+-------++-------
Melee: Long sword        |   136 |   174 |   355 |   772 ||  1437
       Kick              |    28 |    46 |   135 |   282 ||   491
Invok: Heroism           |       |       |     4 |    18 ||    22
Evoke: Wand              |       |       |     2 |     6 ||     8
  Use: Potion            |     6 |       |       |     4 ||    10
       Scroll            |       |       |     7 |    14 ||    21
  Eat: Chunk             |     1 |     9 |    15 |    18 ||    43
       Ration            |       |       |     2 |     4 ||     6
Armor: Scale mail        |    35 |       |       |       ||    35
       Chain mail        |    40 |   108 |   113 |       ||   261
       Plate armour      |       |       |    31 |   372 ||   403
Dodge: Dodged            |    35 |    43 |   111 |   265 ||   454
Block: Shield            |    54 |   107 |   212 |   475 ||   848
       Rpst.: Long sword |    14 |    12 |    45 |    59 ||   130
